 Dungeon Crawl Stone Soup version 0.29.1-2-gbd0b4ee654 (webtiles) character file.

Game seed: 11311972315725196140

3340 raph the Frost Mage (level 9, -2/64 HPs)
             Began as a Pale Draconian Ice Elementalist on Nov 22, 2022.
             Was a Believer of Kikubaaqudgha.
             Slain by Gastronok (17 damage)
             ... on level 9 of the Dungeon.
             The game lasted 00:16:31 (11343 turns).

raph the Frost Mage (DrIE)                         Turns: 11343, Time: 00:16:31

Health: -2/64      AC: 19    Str: 10    XL:     9   Next: 72%
Magic:  1/18       EV: 12    Int: 21    God:    Kikubaaqudgha [**....]
Gold:   158        SH:  0    Dex: 17    Spells: 2/20 levels left

rFire   + . .      SeeInvis .   x - +1 short sword (speed)
rCold   . . .      Faith    .   p - orb {light}
rNeg    . . .      Spirit   .   (body armour unavailable)
rPois   .          Reflect  .   (helmet restricted)
rElec   .          Harm     .   C - +0 cloak
rCorr   .          Rampage  .   o - +0 pair of gloves
Will    .....                   r - +1 pair of boots
Stlth   +.........              (no amulet)
HPRegen 0.20/turn               g - +6 ring of dexterity
MPRegen 0.16/turn               k - ring of protection from fire

@: ice-armoured, animating dead, glowing
A: breathe steam, AC +7, unfitting armour, cold-blooded, steam resistance
a: Breathe Steam, Renounce Religion, Unearth Wretches


You were on level 9 of the Dungeon.
You worshipped Kikubaaqudgha.
Kikubaaqudgha was pleased with you.
You visited 2 branches of the dungeon, and saw 10 of its levels.

You collected 540 gold pieces.
You spent 382 gold pieces at shops.

Inventory:

Hand Weapons
 b - a +0 dagger
 q - a +2 dagger of protection
 x - a +1 short sword of speed (weapon)
 B - a +3 dagger
Missiles
 d - 12 poisoned darts
 n - 6 curare-tipped darts
Armour
 o - a +0 pair of gloves (worn)
 p - an orb of light (worn)
 r - a +1 pair of boots (worn)
 C - a +0 cloak (worn)
 D - a +0 buckler
Jewellery
 g - a +6 ring of dexterity (left hand)
 k - a ring of protection from fire (right hand)
 m - a +6 ring of dexterity
 s - a ring of positive energy
 H - a ring of fire
Wands
 u - a wand of flame (16)
 y - a wand of iceblast (20)
 A - a wand of quicksilver (10)
Scrolls
 c - a scroll of identify
 j - 8 scrolls of teleportation
 w - a scroll of magic mapping
 E - a scroll of fear
 F - a scroll of blinking
Potions
 a - a potion of magic
 e - 3 potions of mutation
 h - 2 potions of attraction
 i - 2 potions of might
 l - 2 potions of haste
 t - 4 potions of curing
 v - 2 potions of lignification
 z - a potion of brilliance
 G - a potion of flight


   Skills:
 + Level 1.5 Fighting
 + Level 2.3 Dodging
 + Level 2.4 Stealth
 + Level 6.1 Spellcasting
 + Level 7.2 Necromancy
 + Level 10.2 Ice Magic


You had 2 spell levels left.
You knew the following spells:

 Your Spells              Type           Power      Damage    Failure   Level
a - Freeze                Ice            100%       1d11      1%          1
b - Frozen Ramparts       Ice            98%        1d15      1%          3
c - Ozocubu's Armour      Ice            49%        N/A       1%          3
d - Hailstorm             Conj/Ice       28%        3d8       12%         4
e - Vampiric Draining     Necr           36%        2d8       1%          3
f - Animate Dead          Necr           36%        N/A       4%          4

Your spell library contained the following spells:

 Spells                   Type           Power      Damage    Failure   Level
 Necrotise                Necr           100%       1d9       1%          1
 Sublimation of Blood     Necr           36%        N/A       1%          2
 Apportation              Tloc           12%        N/A       10%         1
 Alistair's Intoxication  Tmut/Pois      4%         N/A       95%         5
 Dispersal                Tloc           3%         N/A       100%        6
 Disjunction              Tloc           3%         N/A       100%        8


Dungeon Overview and Level Annotations

Branches:
Dungeon (9/15)             Temple (1/1) D:4
   Lair: D:8-11         Orc: D:9-12

Altars:
Ashenzari
Cheibriados
Dithmenos
Elyvilon
Fedhas
Gozag
Hepliaklqana
Kikubaaqudgha
Makhleb
Nemelex Xobeh
Okawaru
Qazlal
Ru
Sif Muna
Trog
Uskayaw
Vehumet
Wu Jian
Xom
Yredelemnul
Zin
The Shining One

Shops:
D:9 *

Annotations:
D:5 exclusion: oklob plant
D:9 Gastronok


Innate Abilities, Weirdness & Mutations

You can breathe blasts of scalding, opaque steam.
Your pale cyan-grey scales are hard. (AC +7)
You cannot fit into any form of body armour.
You are cold-blooded and may be slowed by cold attacks.
You are immune to the effects of steam.


Message History

Gastronok is heavily wounded.
The wall freezes the rat!
You kill the rat!
The rat's corpse disappears in a puff of smoke!
The wall freezes the river rat.
You kill the river rat!
The river rat's corpse disappears in a puff of smoke!
Casting: Vampiric Draining (safe; 1% risk of failure)
Confirm with . or Enter, or press ? or * to list all spells.
Aiming: Vampiric Draining (safe; 1% risk of failure)
Press: ? - help, Shift-Dir - straight line, f/p - Gastronok
Aim: Gastronok, wearing a +2 hat of willpower (heavily wounded, ally target, haloed)
You draw life force from Gastronok!
You feel life coursing into your body.
You hit Gastronok.
Gastronok is heavily wounded.
The wall freezes Gastronok!!
Gastronok bites you!!
* * * LOW HITPOINT WARNING * * *
Aiming: Breathe Steam (1% risk of failure)
Press: ? - help, Shift-Dir - straight line, p - Gastronok You exhale a blast of scalding steam.
The ball of steam hits Gastronok.
Gastronok is severely wounded.
You feel much better.
Gastronok is engulfed in a cloud of scalding steam.
The wall freezes Gastronok!
Gastronok waves his eye-stalks in wide circles.
The air twists around and strikes you!!
* * * LOW HITPOINT WARNING * * *
You hit Gastronok.
Gastronok is almost dead.
Aiming: Freeze (safe; 1% risk of failure)
Press: ? - help, Q - select action, (/) - cycle Shift-Dir - straight line, f - Gastronok
Aim: Gastronok, wearing a +2 hat of willpower (steam, almost dead, ally target, haloed)
You freeze Gastronok.
Gastronok is almost dead.
The frozen ramparts melt away.
You have got your breath back.
Gastronok is engulfed in a cloud of scalding steam.
Gastronok bites you!
You die...
Kikubaaqudgha rasps: "You have failed me!
Welcome... death!"

#......# #......#.#
#......#.# #......#.#
#......#.# #......#.#
#......#.#
#......#.#############
#####§w@Z.......)....#
####.#####.......##
#.....8.<.∩.>.8#
#.####........## #.#
#.#..##### #.# ...#.##
#.######.# #.. ..# #.#
####


You could see Gastronok (ally target) and a friendly howler monkey zombie.

Vanquished Creatures
  Maggie (D:6)
  2 steam dragons
  Edmund (D:5)
  Duvessa (D:5)
  2 water moccasins
  A black bear (D:6)
  2 sky beasts (D:6)
  2 ogres
  A centaur (D:9)
  A kobold brigand (D:7)
  2 bullfrogs
  Blork the orc (D:5)
  A gnoll sergeant (D:6)
  A necrophage (D:7)
  2 scorpions
  4 wights (D:7)
  Dowan (D:5)
  4 killer bees (D:5)
  3 howler monkeys (D:9)
  3 hounds (D:5)
  A gnoll bouda (D:7)
  2 jellies
  5 orc priests
  Ijyb (D:4)
  2 iguanas
  3 orc wizards
  Terence (D:3)
  Robin (D:4)
  8 gnolls
  6 adders
  A shadow imp (D:7)
  A white imp (D:8)
  2 ufetubi (D:5)
  3 worms
  2 dart slugs
  23 orcs
  6 ball pythons
  9 endoplasms
  3 giant cockroaches
  15 goblins
  10 hobgoblins
  3 jackals (D:3)
  8 kobolds
  7 quokkas
  3 bats
  4 frilled lizards
  6 rats
172 creatures vanquished.

Vanquished Creatures (others)
  A howler monkey zombie (D:9)
  54 fungi (D:5)
  87 plants (D:5)
142 creatures vanquished.

Grand Total: 314 creatures vanquished

Notes
Turn   | Place    | Note
-------+----------+-------------------------------------------
     0 | D:1      | raph the Draconian Ice Elementalist began the quest for the
                  | Orb.
     0 | D:1      | Reached XP level 1. HP: 14/14 MP: 3/3
   317 | D:1      | Reached XP level 2. HP: 20/20 MP: 3/5
   927 | D:1      | Reached skill level 5 in Ice Magic
  1066 | D:1      | Reached XP level 3. HP: 26/26 MP: 4/6
  1070 | D:1      | Learned a level 3 spell: Frozen Ramparts
  2209 | D:2      | Found a faded altar of an unknown god.
  2868 | D:3      | Reached XP level 4. HP: 31/33 MP: 0/7
  2880 | D:3      | Learned a level 3 spell: Ozocubu's Armour
  3386 | D:3      | Noticed an ogre
  3608 | D:3      | Killed an ogre
  3609 | D:3      | Reached skill level 6 in Ice Magic
  3609 | D:3      | Reached XP level 5. HP: 38/38 MP: 0/8
  3715 | D:3      | Noticed Terence
  3721 | D:3      | Killed Terence
  4506 | D:4      | Found a staircase to the Ecumenical Temple.
  4517 | D:4      | Reached skill level 7 in Ice Magic
  4522 | Temple   | Entered the Ecumenical Temple
  4634 | Temple   | Became a worshipper of Kikubaaqudgha
  4732 | D:4      | Reached skill level 1 in Necromancy
  4732 | D:4      | Reached XP level 6. HP: 38/45 MP: 5/9
  4845 | D:4      | Noticed Robin
  4849 | D:4      | Noticed Ijyb
  4860 | D:4      | Killed Robin
  4862 | D:4      | Killed Ijyb
  5507 | D:5      | Entered Level 5 of the Dungeon
  5558 | D:5      | Your scales start taking on a pale cyan-grey colour.
  5558 | D:5      | Reached XP level 7. HP: 42/50 MP: 5/10
  5558 | D:5      | Gained mutation: You are immune to the effects of steam.
                  | [Pale Draconian growth]
  5612 | D:5      | Noticed Blork the orc
  5624 | D:5      | Killed Blork the orc
  5625 | D:5      | Reached skill level 8 in Ice Magic
  5746 | D:5      | Noticed Duvessa
  5746 | D:5      | Noticed Dowan
  5750 | D:5      | Killed Dowan
  5761 | D:5      | Killed Duvessa
  5879 | D:5      | Noticed a steam dragon
  5889 | D:5      | Killed a steam dragon
  6115 | D:5      | Found a sacrificial altar of Ru.
  6177 | D:5      | Noticed Edmund
  6188 | D:5      | Killed Edmund
  6189 | D:5      | Reached XP level 8. HP: 33/57 MP: 0/13
  6785 | D:5      | Found a blossoming altar of Fedhas.
  6796 | D:5      | Reached skill level 5 in Necromancy
  6801 | D:5      | Reached skill level 9 in Ice Magic
  6812 | D:5      | Learned a level 4 spell: Hailstorm
  6945 | D:5      | Noticed an oklob plant
  7742 | D:6      | Reached * piety under Kikubaaqudgha
  7742 | D:6      | Received a gift from Kikubaaqudgha
  7752 | D:6      | Learned a level 3 spell: Vampiric Draining
  7800 | D:6      | Found an ornate altar of the Wu Jian Council.
  8109 | D:6      | Noticed Maggie
  8115 | D:6      | Killed Maggie
  8116 | D:6      | Reached skill level 5 in Spellcasting
  8116 | D:6      | Reached XP level 9. HP: 62/62 MP: 0/16
  8222 | D:6      | Learned a level 4 spell: Animate Dead
  9316 | D:7      | Reached skill level 10 in Ice Magic
  9548 | D:7      | Reached ** piety under Kikubaaqudgha
  9673 | D:7      | Found a glowing golden altar of the Shining One.
  9683 | D:7      | Found an opulent altar of Gozag.
 10873 | D:8      | Reached skill level 1 in Fighting
 11249 | D:9      | Found Icatougo's Assorted Antiques.
 11256 | D:9      | Bought a scroll of fear for 88 gold pieces
 11256 | D:9      | Bought a scroll of blinking for 165 gold pieces
 11256 | D:9      | Bought a viscous emerald potion for 19 gold pieces
 11256 | D:9      | Bought a shiny peridot ring for 110 gold pieces
 11326 | D:9      | Noticed Gastronok
 11343 | D:9      | Slain by Gastronok

Illustrated notes

Levels and vault maps discovered:
D:1:      ebering_trefoil_twist, layout_loops_corners
D:2:      layout_loops_corners, shapermc_ecumenical_altar_ellora, kennysheep_nub
D:3:      layout_basic, serial_corexii_hall, chequers_hall_statues_corner_a,
          chequers_hall_statues_wall_a, hangedman_decor_clover_reticule,
          uniq_terence
D:4:      layout_loops_ring, minmay_temple_entry_statues_pillars, uniq_ijyb,
          uniq_robin
D:5:      layout_loops_ring, nicolae_ru_awakened_eye, tgw_fedhas,
          nicolae_concentric_dashed_squares_wild, uniq_duvessa,
          uniq_blork_the_orc, uniq_edmund
D:6:      layout_loops_ring, kennysheep_mini_moat, uniq_maggie
D:7:      layout_rooms, mainiacjoe_overflow_swirl, serial_rivers,
          chequers_serial_rivers_micro_c, chequers_serial_rivers_large_a,
          chequers_serial_rivers_marsh, chequers_serial_rivers_micro_c,
          chequers_serial_rivers_small_3
D:8:      layout_loops_corners
D:9:      layout_basic, enter_bailey_2, serial_shops,
          nicolae_shop_bloodbath_and_beyond, nicolae_shop_waterfront,
          nicolae_shop_overgrown_old_shop, kennysheep_mini,
          nicolae_stop_n_shop_2, uniq_gastronok, uniq_maurice
Temple:   minmay_temple_bridge_d

Skill      XL: |  1  2  3  4  5  6  7  8  9 |
---------------+----------------------------+-----
Ice Magic      | 5 6 7 8 9 10 | 10.2
Necromancy     | 1 2 4 6 7 |  7.2
Spellcasting   | 3 5 6 |  6.1
Stealth        | 2 |  2.4
Dodging        | 2 |  2.3
Fighting       | 1 |  1.5

Action                   |  1- 3 |  4- 6 |  7- 9 || total
-------------------------+-------+-------+-------++-------
Melee: Dagger            |    42 |    52 |    13 ||   107
       Tailslap          |    10 |     8 |    29 ||    47
       Punch             |     2 |       |       ||     2
       Short sword       |       |       |   112 ||   112
Throw: Dart              |     4 |     4 |       ||     8
 Cast: Freeze            |    33 |     9 |    23 ||    65
       Frozen Ramparts   |    15 |    25 |    43 ||    83
       Ozocubu's Armour  |       |     4 |     4 ||     8
       Hailstorm         |       |       |    14 ||    14
       Animate Dead      |       |       |     4 ||     4
       Vampiric Draining |       |       |     3 ||     3
 Abil: Breathe Steam     |       |       |     8 ||     8
Evoke: Wand              |       |       |     1 ||     1
  Use: Scroll            |     6 |     5 |    11 ||    22
       Potion            |       |     1 |     1 ||     2
Armor: Skin              |    23 |    24 |    57 ||   104
Dodge: Dodged            |    43 |    41 |   100 ||   184
